 Dungeon Crawl Stone Soup version 0.31-a0-214-gb37851dbb3 (webtiles) character file.

Game seed: 16794648417036323803

461 holysushi the Chopper (level 7, 52/52 HPs)
             Began as a Formicid Monk on July 1, 2023.
             Was a Priest of Wu Jian.
             Quit the game on level 4 of the Dungeon.
             The game lasted 00:03:38 (3360 turns).

holysushi the Chopper (Formicid Monk)               Turns: 3360, Time: 00:03:39

Health: 52/52      AC:  3    Str: 17    XL:     7   Next: 28%
Magic:  7/7        EV: 12    Int: 10    God:    Wu Jian [***...]
Gold:   164        SH:  3    Dex: 16    Spells: 6/6 levels left

rFire   . . .        y - +2 hand axe (heavy)
rCold   . . .        o - +0 buckler
rNeg    . . .        b - +0 robe
rPois   +            (helmet unavailable)
rElec   .            B - +0 cloak
rCorr   .            (no gloves)
SInv    +            (no boots)
Will    +....        (no amulet)
Stlth   +            j - ring of poison resistance
HPRegen 0.28/turn    p - ring of willpower
MPRegen 0.10/turn

%: no passive effects
@: no status effects
A: permanent stasis, dig shafts and tunnels, antennae 3, four strong arms
a: Dig, Shaft Self, Renounce Religion, Wall Jump, Serpent's Lash


You were on level 4 of the Dungeon.
You worshipped Wu Jian.
Wu Jian was most pleased with you.
You visited 1 branch of the dungeon, and saw 4 of its levels.

You collected 164 gold pieces.

Inventory:

Hand Weapons
 a - a +0 hand axe
 y - a +2 heavy hand axe (weapon)
Armour
 b - a +0 robe (worn)
 d - an orb of light
 o - a +0 buckler (worn)
 B - a +0 cloak (worn)
Jewellery
 j - a ring of poison resistance (left hand)
 l - a ring of resist corrosion
 p - a ring of willpower (right hand)
 A - a ring of wizardry
Scrolls
 e - a scroll of amnesia {unknown}
 f - 3 scrolls of identify {unknown}
 g - a scroll of torment {unknown}
 k - a scroll of enchant weapon {unknown}
 n - 3 scrolls of fear {unknown}
 q - a scroll of blinking {unknown}
 r - a scroll of vulnerability {unknown}
 t - a scroll of poison {unknown}
 u - a scroll of immolation {unknown}
Potions
 c - a potion of ambrosia
 h - 3 potions of resistance {unknown}
 i - 2 potions of curing {unknown}
 m - 2 potions of enlightenment {unknown}
 s - a potion of brilliance {unknown}
 v - a potion of cancellation {unknown}
 w - a potion of attraction {unknown}
 x - 2 potions of mutation {unknown}
 z - a potion of magic {unknown}


   Skills:
 - Level 3.2 Fighting
 + Level 7.8 Axes
 - Level 2.6 Dodging


You had 6 spell levels left.
You didn't know any spells.
Your spell library contained the following spells:

 Spells                   Type           Power      Damage    Failure   Level
 Mephitic Cloud           Conj/Pois/Air  0%         N/A       83%         3
 Dispel Undead            Necr           0%         3d6       99%         4
 Death Channel            Necr           0%         N/A       100%        6


Dungeon Overview and Level Annotations

Branches:
Dungeon (4/15) Zot: 20605
 Temple: D:4-7

Altars:
Gozag
Wu Jian
Zin


Innate Abilities, Weirdness & Mutations

You cannot be hasted, slowed, berserked, paralysed or teleported.
You can dig through walls and to a lower floor.
You have a pair of large antennae on your head. (SInv)
Your four strong arms can wield two-handed weapons with a shield.


Message History

The scorpion stings you but does no damage.
You spin to attack the scorpion, but your attack speed is too slow for a blow to land.
You spin and attack the scorpion.
You hit the scorpion.
The scorpion is almost dead.
You feel very sick. The scorpion stings you. x2
You spin to attack the scorpion, but your attack speed is too slow for a blow to land.
You spin and attack the scorpion.
You slash the scorpion!
You kill the scorpion!
The Council accepts your kill.
You feel sick. You block the scorpion's attack.
You have reached level 7!
You slash the scorpion!
The scorpion is severely wounded.
You feel very sick. The scorpion closely misses you.
The scorpion barely misses you.
You barely miss the scorpion.
The scorpion is severely wounded.
You feel sick. The scorpion closely misses you. The scorpion stings you.
* * * LOW HITPOINT WARNING * * *
You hit the scorpion.
You kill the scorpion!
The Council accepts your kill.
You feel sick.
You feel sick.
Okay, then.
You feel sick.
You feel sick.
You are no longer poisoned.
You see here a +0 cloak.
You see here a +0 cloak.
B - a +0 cloak You start putting on your armour.
You continue putting on your +0 cloak. x4
You finish putting on your +0 cloak.
Unknown command.
You start resting.
HP restored.
A bat comes into view.
A bat is nearby!
Are you sure you want to abandon this character and quit the game? (Confirm with "yes".)

.## { .# { .# { b {
## P. # ### .^P #.#
####.. ##.###.##...
##.......###..####
#..........###.@.#
##...........####.##
#..########### ##.##
..## #..## .##
##..## .# ##....##
######### #......##
........####
##.......##
...........#
#.........# ####


You could see a bat (asleep).

Vanquished Creatures
  A phantom (D:4)
  2 scorpions (D:4)
  2 orc priests (D:4)
  An orc wizard (D:4)
  Natasha (thrice) (D:3)
  3 adders
  2 worms (D:3)
  3 dart slugs
  3 orcs
  7 ball pythons
  8 endoplasms
  3 giant cockroaches
  7 goblins
  7 hobgoblins
  2 jackals (D:3)
  2 quokkas
  5 bats
  4 frilled lizards
  10 kobolds
  6 rats
81 creatures vanquished.

Notes
Turn   | Place    | Note
-------+----------+-------------------------------------------
     0 | D:1      | holysushi the Formicid Monk began the quest for the Orb.
     0 | D:1      | Reached XP level 1. HP: 18/18 MP: 1/1
    99 | D:1      | Reached XP level 2. HP: 16/24 MP: 2/2
   454 | D:1      | Reached skill level 4 in Axes
   454 | D:1      | Reached XP level 3. HP: 29/29 MP: 3/3
  1120 | D:2      | Found a faded altar of an unknown god.
  1132 | D:2      | Prayed at the altar of an unknown god.
  1132 | D:2      | Became a worshipper of the Wu Jian Council
  1132 | D:2      | Reached * piety under Wu Jian
  1132 | D:2      | Reached ** piety under Wu Jian
  1252 | D:2      | Reached XP level 4. HP: 35/35 MP: 4/4
  1600 | D:3      | Reached *** piety under Wu Jian
  1606 | D:3      | Reached skill level 5 in Axes
  1837 | D:3      | Noticed Natasha
  1850 | D:3      | Killed Natasha
  1851 | D:3      | Reached XP level 5. HP: 13/41 MP: 5/5
  2417 | D:3      | Noticed Natasha
  2424 | D:3      | Killed Natasha
  2479 | D:3      | Noticed Natasha
  2485 | D:3      | Killed Natasha
  2486 | D:3      | Reached skill level 6 in Axes
  2568 | D:4      | Found an opulent altar of Gozag.
  2568 | D:4      | Found a glowing silver altar of Zin.
  2625 | D:4      | Noticed a phantom
  2643 | D:4      | Killed a phantom
  2644 | D:4      | Reached XP level 6. HP: 30/47 MP: 6/6
  2731 | D:4      | Reached skill level 7 in Axes
  3089 | D:4      | Got the Parchment of Spectral Nephomancy
  3167 | D:4      | Reached XP level 7. HP: 15/52 MP: 7/7
  3360 | D:4      | Quit the game

Illustrated notes

Levels and vault maps discovered:
D:1:      lemuel_arrival_cross, layout_loops_ring, kennysheep_boxes
D:2:      layout_rooms, ebering_ecumenical_altar_sacrificial,
          nicolae_concentric_dashed_squares_mild, kennysheep_generic_room_11
D:3:      layout_basic, grunt_ministairs_6, uniq_natasha
D:4:      old_forge, layout_cave_pods, grunt_temple_overflow_gold_and_silver

Skill      XL: |  1  2  3  4  5  6 |
---------------+-------------------+-----
Axes           | 4 5 6 7 |  7.8
Fighting       | |  3.2
Dodging        | |  2.6

Action                     |  1- 3 |  4- 6 |  7- 9 || total
---------------------------+-------+-------+-------++-------
  Melee: Hand axe          |    84 |   130 |     3 ||   217
Ability: Lunge             |     1 |     3 |       ||     4
         Whirlwind         |       |    31 |       ||    31
 Armour: Robe              |    13 |    20 |       ||    33
  Dodge: Dodged            |    50 |    70 |     3 ||   123
  Block: Buckler           |       |    15 |       ||    15

Table legend: (Time is in decaauts)
 A = Elapsed time spent in this place.
 B = Non-inter-level travel time spent in this place.
 C = Inter-level travel time spent in this place.
 D = Time resting spent in this place.
 E = Time spent auto-exploring this place.
 F = Levels seen in this place.
 G = Mean time per level.
                   A        B        C        D        E       F      G
               +--------+--------+--------+--------+--------+-----+--------+
         Total |   3394 |   3322 |     72 |    369 |   2304 |   4 |  848.5 |
       Dungeon |   3394 |   3322 |     72 |    369 |   2304 |   4 |  848.5 |
               +--------+--------+--------+--------+--------+-----+--------+

Top non-repeatable levels by time:
     D:3: 1244 daAuts
     D:4: 841 daAuts
     D:1: 748 daAuts
     D:2: 560 daAuts
